 Dungeon Crawl Stone Soup version 0.31-a0-233-g139696dc86 (webtiles) character file.

Game seed: 5483574693742003151

67 qw the Shooter (level 4, -6/36 HPs)
             Began as a Minotaur Hexslinger on July 7, 2023.
             Mangled by Grinder (8 damage)
             ... on level 3 of the Dungeon.
             The game lasted 00:00:33 (1244 turns).

qw the Shooter (Minotaur Hexslinger)                Turns: 1244, Time: 00:00:34

Health: -6/36      AC:  3    Str: 12    XL:     4   Next: 0%
Magic:  4/4        EV: 12    Int: 10    God:
Gold:   158        SH:  0    Dex: 15    Spells: 4/5 levels left

rFire   . . .        Y - +4 sling
rCold   . . .        (no shield)
rNeg    . . .        c - +0 robe
rPois   .            (helmet restricted)
rElec   .            (no cloak)
rCorr   .            h - +0 pair of gloves
SInv    .            (no boots)
Will    .....        (no amulet)
Stlth   +            (no ring)
HPRegen 0.26/turn    (no ring)
MPRegen 0.09/turn

%: no passive effects
@: no status effects
A: horns 2, retaliatory headbutt
a: no special abilities


You were on level 3 of the Dungeon.
You visited 1 branch of the dungeon, and saw 3 of its levels.

You collected 158 gold pieces.


Innate Abilities, Weirdness & Mutations

You have a pair of horns on your head.
You reflexively headbutt those who attack you in melee.


   Skills:
 - Level 2.0 Fighting
 + Level 4.5 Ranged Weapons
 - Level 2.1 Dodging
 - Level 1.0 Spellcasting
 - Level 2.0 Hexes


You had 4 spell levels left.
You knew the following spells:

 Your Spells              Type           Power      Damage    Failure   Level
a - Slow                  Hex            16%        N/A       16%         1

Your spell library contained the following spells:

 Spells                   Type           Power      Damage    Failure   Level
 Inner Flame              Hex/Fire       2%         N/A       56%         3
 Portal Projectile        Hex/Tloc       4%         N/A       56%         3
 Cause Fear               Hex            2%         N/A       83%         4

Inventory:

Hand Weapons
 Y - a +4 sling (weapon)
Armour
 c - a +0 robe (worn)
 h - a +0 pair of gloves (worn)
Potions
 b - a potion of attraction {unknown}
 g - a potion of degeneration {unknown}
 j - a potion of brilliance {unknown}

Dungeon Overview and Level Annotations

Branches:
Dungeon (3/15)

Altars:

Annotations:
D:3 Grinder


Message History

A bat comes into view.
You shoot a sling bullet. The sling bullet hits the bat!
You kill the bat!
You have reached level 4!
You feel agile.
Found a dagger.
Grinder comes into view.
Grinder shouts!
A dart slug comes into view.
Grinder moves out of view.
You shoot a sling bullet. The sling bullet hits the dart slug.
The dart slug is heavily wounded.
1235 ||| Stepping ~*~*~tactically~*~*~ (outnumbered).
You shoot a sling bullet.
The sling bullet completely misses Grinder.
You shoot a sling bullet. The sling bullet hits Grinder.
Grinder is lightly wounded.
You shoot a sling bullet. The sling bullet hits Grinder.
Grinder is moderately wounded.
Grinder hits you!
You writhe in agony.
Grinder hits you.
You shoot a sling bullet. The sling bullet hits Grinder.
Grinder is moderately wounded.
Grinder hits you but does no damage.
You shoot a sling bullet. The sling bullet hits Grinder.
Grinder is heavily wounded.
Grinder hits you.
You writhe in agony.
You shoot a sling bullet.
The sling bullet closely misses Grinder.
Grinder gestures at you.
You barely resist. You shoot a sling bullet. The sling bullet hits Grinder.
Grinder is heavily wounded.
Grinder says, "DUCK!"
Grinder hits you.
You writhe in agony.
You shoot a sling bullet. The sling bullet hits Grinder.
Grinder is heavily wounded.
Grinder closely misses you. Grinder hits you.
You shoot a sling bullet. The sling bullet barely misses Grinder.
The dart slug bites you but does no damage.
Grinder hits you!
You die...

.. ## ...
#####..
...#####.......
..... .........
...............
......#........
.w...........#
#5w...#
#@#######
#.......#
#.......#####
#...........#
#...........#
#...........)
##...#.......
#..%########
#...# ##...##


You could see Grinder and a dart slug.

Vanquished Creatures
  An adder (D:2)
  A worm (D:2)
  A dart slug (D:1)
  7 ball pythons
  7 endoplasms
  A giant cockroach (D:2)
  5 hobgoblins
  5 kobolds
  3 quokkas
  9 bats
  2 frilled lizards
  3 goblins
  3 rats
48 creatures vanquished.

Notes
Turn   | Place    | Note
-------+----------+-------------------------------------------
     0 | D:1      | qw the Minotaur Hexslinger began the quest for the Orb.
     0 | D:1      | Reached XP level 1. HP: 16/16 MP: 1/1
     0 | D:1      | 0 ||| qw: Version: 0.3-a-46-gb1f654a
     0 | D:1      | 0 ||| qw: Game counter: 3293
     0 | D:1      | 0 ||| qw: Melee chars always use a shield: true
     0 | D:1      | 0 ||| qw: God list: Okawaru
     0 | D:1      | 0 ||| qw: Allow faded altars: false
     0 | D:1      | 0 ||| qw: Do Orc after clearing Dungeon:15 true
     0 | D:1      | 0 ||| qw: Do second Lair branch before Depths: true
     0 | D:1      | 0 ||| qw: Lair rune preference: random
     0 | D:1      | 0 ||| qw: Goals: Normal
     0 | D:1      | 0 ||| PLANNING D:1-11
   166 | D:1      | Reached skill level 3 in Ranged Weapons
   200 | D:1      | Reached XP level 2. HP: 23/23 MP: 2/2
   642 | D:1      | Reached XP level 3. HP: 28/29 MP: 3/3
   686 | D:1      | 686 ||| UPGRADING to +0 pair of gloves.
   691 | D:1      | 691 ||| READING 3 scrolls labelled FELYAPN WEEDA.
   692 | D:1      | 692 ||| READING 2 scrolls of enchant weapon.
   692 | D:1      | 692 ||| ENCHANTING +2 sling.
   693 | D:1      | 693 ||| READING scroll of enchant weapon.
   693 | D:1      | 693 ||| ENCHANTING +3 sling.
   694 | D:1      | 694 ||| READING scroll labelled JISCHO GOHEGE.
   695 | D:1      | 695 ||| READING scroll labelled SUETIT UTAUPETT.
   700 | D:1      | 700 ||| READING scroll labelled VIEXZI JACZUOCUDD.
   701 | D:1      | 701 ||| DROPPING scroll of poison.
   797 | D:2      | Reached skill level 4 in Ranged Weapons
  1187 | D:2      | 1187 ||| READING scroll labelled CEIFEU UROLOCA.
  1226 | D:3      | Reached XP level 4. HP: 36/36 MP: 4/4
  1233 | D:3      | Noticed Grinder
  1235 | D:3      | 1235 ||| Stepping ~*~*~tactically~*~*~ (outnumbered).
  1242 | D:3      | HP: 7/36 [Grinder (6)]
  1243 | D:3      | HP: 2/36 [Grinder (6)]
  1244 | D:3      | Mangled by Grinder

Levels and vault maps discovered:
D:1:      lightli_arrival_flooded_house, layout_loops_ring
D:2:      layout_basic
D:3:      layout_basic, serial_shops, nicolae_square_shop, grunt_ministairs_7,
          uniq_terence, uniq_grinder, uniq_crazy_yiuf_cottage

Skill      XL: |  1  2  3 |
---------------+----------+-----
Ranged Weapons | 3 4 |  4.5
Fighting       | 2 |  2.0
Dodging        | |  2.1
Spellcasting   | |  1.0
Hexes          | |  2.0

Action                     |  1- 3 |  4- 6 || total
---------------------------+-------+-------++-------
   Fire: Sling             |   111 |    10 ||   121
    Use: Scroll            |     7 |       ||     7
 Armour: Robe              |    10 |     2 ||    12
  Dodge: Dodged            |    16 |     1 ||    17

Table legend:
 A = Non-vault XP
 B = Vault XP
 C = Vault XP percentage of total XP
 D = Non-vault monster count
 E = Vault monster count
 F = Vault count percentage of total count
                 A         B        C        D         E       F
            +---------+---------+-------+---------+---------+-------
      Total |      93 |       4 |   4.1 |      46 |       2 |   4.2
            +---------+---------+-------+---------+---------+-------
        D:1 |      41 |       0 |   0.0 |      22 |       0 |   0.0
        D:2 |      46 |       0 |   0.0 |      20 |       0 |   0.0
        D:3 |       6 |       4 |  40.0 |       4 |       2 |  33.3
            +---------+---------+-------+---------+---------+-------
